EL
TENNESSEE SMOKIES @ ALTOONA CURVE
08/07/2044
 
TOP OF THE 1ST
Tennessee Smokies batting - Pitching for Altoona Curve : RHP J.J. Sykes
Pitching: RHP J.J. Sykes
Batting: RHB Adam Kelliher 0-0: Ball
1-0: Foul Ball, location: 2F
1-1: Foul Ball, location: 2F
1-2: Foul Ball, location: 2F
1-2: Strikes out looking
Batting: RHB John Iddings 0-0: Foul Ball, location: 2F
0-1: Ball
1-1: Foul Ball, location: 2F
1-2: Fly out, F9 (Flyball, 9, EV 84.4 MPH)
Batting: LHB Brian Newton 0-0: Called Strike
0-1: Called Strike
0-2: Strikes out looking
Top of the 1st over - 0 runs, 0 hits, 0 errors, 0 left on base; Tennessee 0 - Altoona 0
BOTTOM OF THE 1ST
Altoona Curve batting - Pitching for Tennessee Smokies : RHP Rashid bin Ala'
Pitching: RHP Rashid bin Ala'
Batting: RHB Nelson Ozuna 0-0: Ball
1-0: Called Strike
1-1: Ball
2-1: Foul Ball, location: 2F
2-2: Ball
3-2: Strikes out swinging
Batting: LHB Jesse Henly 0-0: Called Strike
0-1: Fly out, F8 (Flyball, 8LD, EV 95.0 MPH)
Batting: RHB Matt Keef 0-0: Ball
1-0: Fly out, F9 (Flyball, 9S, EV 77.5 MPH)
Bottom of the 1st over - 0 runs, 0 hits, 0 errors, 0 left on base; Tennessee 0 - Altoona 0
TOP OF THE 2ND
Tennessee Smokies batting - Pitching for Altoona Curve : RHP J.J. Sykes
Batting: RHB Heitaro Tanaka 0-0: Ball
1-0: Ball
2-0: Ball
3-0: Called Strike
3-1: Foul Ball, location: 2F
3-2: Fly out, F7 (Line Drive, 7, EV 107.5 MPH)
Batting: RHB Bobby Gray 0-0: Swinging Strike
0-1: Ball
1-1: Foul Ball, location: 2F
1-2: Strikes out swinging
Batting: RHB Nick Kleckner 0-0: Called Strike
0-1: Foul Ball, location: 2F
0-2: Ground out 3-1 (Groundball, 34, EV 97.5 MPH)
Top of the 2nd over - 0 runs, 0 hits, 0 errors, 0 left on base; Tennessee 0 - Altoona 0
BOTTOM OF THE 2ND
Altoona Curve batting - Pitching for Tennessee Smokies : RHP Rashid bin Ala'
Batting: SHB Trevor Weareorwear 0-0: Ball
1-0: Ground out 4-3 (Groundball, 4, EV 108.1 MPH)
Batting: SHB Jerry Massey 0-0: Fly out, F6 (Line Drive, 6, EV 72.5 MPH)
Batting: RHB Killian Jones 0-0: Called Strike
0-1: Ball
1-1: Ball
2-1: SINGLE (Line Drive, 7S, EV 95.0 MPH)
Batting: RHB Keiji Nakajima 0-0: Fly out, F8 (Flyball, 8LXD, EV 93.8 MPH)
Bottom of the 2nd over - 0 runs, 1 hit, 0 errors, 1 left on base; Tennessee 0 - Altoona 0
TOP OF THE 3RD
Tennessee Smokies batting - Pitching for Altoona Curve : RHP J.J. Sykes
Batting: RHB Brian Warren 0-0: Called Strike
0-1: Foul Ball, location: 2F
0-2: Ball
1-2: Ball
2-2: Ball
3-2: Ground out 4-3 (Groundball, 4, EV 84.4 MPH)
Batting: RHB Chris Rosinsky 0-0: Ground out 6-3 (Groundball, 6, EV 80.6 MPH)
Batting: RHB Vij Ramamani 0-0: Foul Ball, location: 2F
0-1: Swinging Strike
0-2: Ground out 5-3 (Groundball, 56S, EV 73.8 MPH)
Top of the 3rd over - 0 runs, 0 hits, 0 errors, 0 left on base; Tennessee 0 - Altoona 0
BOTTOM OF THE 3RD
Altoona Curve batting - Pitching for Tennessee Smokies : RHP Rashid bin Ala'
Batting: LHB Aito Harada 0-0: Ball
1-0: Ball
2-0: Called Strike
2-1: Ground out 5-3 (Groundball, 5, EV 93.8 MPH)
Batting: RHB Pedro Criollo 0-0: Ball
1-0: Swinging Strike
1-1: Foul Ball, location: 2F
1-2: Strikes out swinging
Batting: RHB Nelson Ozuna 0-0: Ground out 6-3 (Groundball, 6MD, EV 83.8 MPH)
Bottom of the 3rd over - 0 runs, 0 hits, 0 errors, 0 left on base; Tennessee 0 - Altoona 0
TOP OF THE 4TH
Tennessee Smokies batting - Pitching for Altoona Curve : RHP J.J. Sykes
Batting: RHB Adam Kelliher 0-0: Ball
1-0: SINGLE (Line Drive, 6M, EV 102.5 MPH)
Batting: RHB John Iddings 0-0: Ball
1-0: Foul Ball, location: 2F
1-1: Ball
2-1: Ball
3-1: Base on Balls
Adam Kelliher to second
Batting: LHB Brian Newton 0-0: Ball
1-0: Ball
2-0: Foul Ball, location: 2F
2-1: Fly out, F8 (Flyball, 8LS, EV 85.6 MPH)
Batting: RHB Heitaro Tanaka 0-0: Called Strike
0-1: Swinging Strike
0-2: Ball
Wild Pitch!
Adam Kelliher to third
John Iddings to second
1-2: Strikes out swinging
Batting: RHB Bobby Gray 0-0: Swinging Strike
0-1: Ball
1-1: Ball
2-1: TRIPLE (Line Drive, 8LXD, EV 99.4 MPH)
Adam Kelliher scores
John Iddings scores
Batting: RHB Nick Kleckner 0-0: Ball
1-0: Foul Ball, location: 2F
1-1: Swinging Strike
1-2: Ball
2-2: Fly out, F7 (Flyball, 78M, EV 85.6 MPH)
Top of the 4th over - 2 runs, 2 hits, 0 errors, 1 left on base; Tennessee 2 - Altoona 0
BOTTOM OF THE 4TH
Altoona Curve batting - Pitching for Tennessee Smokies : RHP Rashid bin Ala'
Batting: LHB Jesse Henly 0-0: Foul Ball, location: 2F
0-1: SINGLE (Groundball, 56D, EV 96.9 MPH)
Batting: RHB Matt Keef 0-0: Called Strike
0-1: Ball
1-1: Ball
2-1: DOUBLE (Flyball, 89XD, EV 109.4 MPH)
Jesse Henly to third
Batting: SHB Trevor Weareorwear 0-0: Called Strike
0-1: Foul Ball, location: 2F
0-2: DOUBLE (Flyball, 8RXD, EV 98.1 MPH)
Jesse Henly scores
Matt Keef scores
Batting: SHB Jerry Massey 0-0: Ball
1-0: Ball
2-0: Called Strike
2-1: Foul Ball, location: 2F
2-2: Ball
3-2: Foul Ball, location: 2F
3-2: Ground out 6-3 (Groundball, P, EV 82.5 MPH)
Trevor Weareorwear to third
Batting: RHB Killian Jones 0-0: Ball
1-0: Called Strike
1-1: Ball
2-1: Swinging Strike
2-2: Foul Ball, location: 2F
2-2: Ball
3-2: Strikes out swinging
Batting: RHB Keiji Nakajima 0-0: Ball
1-0: Ball
2-0: Called Strike
2-1: Ball
3-1: Foul Ball, location: 2F
3-2: Foul Ball, location: 2F
3-2: Foul Ball, location: 2F
3-2: Foul Ball, location: 2F
3-2: SINGLE (Flyball, 9LM, EV 103.1 MPH)
Trevor Weareorwear scores
Batting: LHB Aito Harada 0-0: Ball
1-0: Ball
Keiji Nakajima steals 2nd base
2-0: Ground out 4-3 (Groundball, 4, EV 79.4 MPH)
Bottom of the 4th over - 3 runs, 4 hits, 0 errors, 1 left on base; Tennessee 2 - Altoona 3
TOP OF THE 5TH
Tennessee Smokies batting - Pitching for Altoona Curve : RHP J.J. Sykes
Batting: RHB Brian Warren 0-0: SOLO HOME RUN (Flyball, 78XD, EV 98.1 MPH), Distance : 395 ft
Batting: RHB Chris Rosinsky 0-0: Ball
1-0: Foul Ball, location: 2F
1-1: Swinging Strike
1-2: Strikes out swinging
Batting: RHB Vij Ramamani 0-0: Ball
1-0: Ball
2-0: Reached on error, E2 (Groundball, 13S, EV 61.2 MPH)
Batting: RHB Adam Kelliher 0-0: Fly out, F4 (Popup, 3DF, EV 53.1 MPH)
Batting: RHB John Iddings 0-0: Called Strike
0-1: Ball
1-1: Ball
2-1: Ground out 6-3 (Groundball, 56, EV 107.5 MPH)
Top of the 5th over - 1 run, 1 hit, 1 error, 1 left on base; Tennessee 3 - Altoona 3
BOTTOM OF THE 5TH
Altoona Curve batting - Pitching for Tennessee Smokies : RHP Rashid bin Ala'
Batting: RHB Pedro Criollo 0-0: Ground out 6-3 (Groundball, 6, EV 83.8 MPH)
Batting: RHB Nelson Ozuna 0-0: Ball
1-0: Foul Ball, location: 2F
1-1: Ball
2-1: Foul Ball, location: 2F
2-2: Fly out, F2 (Popup, 23F, EV 85.0 MPH)
Batting: LHB Jesse Henly 0-0: Foul Ball, location: 2F
0-1: Foul Ball, location: 2F
0-2: Ball
1-2: Ball
2-2: Ball
3-2: Foul Ball, location: 2F
3-2: Foul Ball, location: 2F
3-2: Foul Ball, location: 2F
3-2: Base on Balls
Pitching: RHP Devin Ward
Batting: RHB Matt Keef 0-0: Called Strike
0-1: Ball
1-1: Fielders Choice at 2nd, 6-4 (Groundball, 6, EV 103.8 MPH)
Bottom of the 5th over - 0 runs, 0 hits, 0 errors, 1 left on base; Tennessee 3 - Altoona 3
TOP OF THE 6TH
Tennessee Smokies batting - Pitching for Altoona Curve : RHP J.J. Sykes
Batting: LHB Brian Newton 0-0: Called Strike
0-1: Reached on error, E3 (Groundball, 3L, EV 85.6 MPH)
Batting: RHB Heitaro Tanaka 0-0: Called Strike
0-1: Ball
1-1: Ball
2-1: Swinging Strike
2-2: Ball
3-2: Foul Ball, location: 2F
3-2: Foul Ball, location: 2F
3-2: Strikes out looking
Pitching: LHP Don Quiponch
Batting: RHB Bobby Gray 0-0: Called Strike
0-1: Ball
1-1: Ball
2-1: Foul Ball, location: 2F
2-2: Strikes out looking
Batting: RHB Nick Kleckner 0-0: Called Strike
0-1: Swinging Strike
0-2: SINGLE (Groundball, 3D, EV 103.8 MPH)
Brian Newton to second
Runner from 2nd tries for 3rd, SAFE, throw by RF made to third
Batting: RHB Brian Warren 0-0: Called Strike
0-1: Ball
1-1: Called Strike
1-2: Foul Ball, location: 2F
1-2: Ball
2-2: Ball
3-2: Foul Ball, location: 2F
3-2: Strikes out swinging
Top of the 6th over - 0 runs, 1 hit, 1 error, 2 left on base; Tennessee 3 - Altoona 3
BOTTOM OF THE 6TH
Altoona Curve batting - Pitching for Tennessee Smokies : RHP Devin Ward
Batting: SHB Trevor Weareorwear 0-0: Foul Ball, location: 2F
0-1: Ball
1-1: SINGLE (Flyball, 3D, EV 88.1 MPH)
Batting: SHB Jerry Massey 0-0: Ball
1-0: Ball
2-0: Ball
3-0: Called Strike
3-1: Base on Balls
Trevor Weareorwear to second
Batting: RHB Killian Jones 0-0: Called Strike
0-1: Foul Ball, location: 2F
0-2: Ball
1-2: DOUBLE (Line Drive, 7LM, EV 100.0 MPH)
Trevor Weareorwear scores
Jerry Massey to third
Batting: RHB Keiji Nakajima 0-0: Foul Ball, location: 2F
0-1: Ball
1-1: Called Strike
1-2: Ball
2-2: Ball
3-2: Base on Balls
Pitching: RHP Bob Gilliam
Batting: LHB Aito Harada 0-0: Called Strike
0-1: Foul Ball, location: 2F
0-2: Ball
1-2: Ball
2-2: Ball
3-2: Base on Balls
Jerry Massey scores
Killian Jones to third
Keiji Nakajima to second
Batting: RHB Pedro Criollo 0-0: Called Strike
0-1: Foul Ball, location: 2F
0-2: Ball
1-2: Ball
2-2: Foul Ball, location: 2F
2-2: Foul Ball, location: 2F
2-2: Foul Ball, location: 2F
2-2: Foul Ball, location: 2F
2-2: Foul Ball, location: 2F
2-2: Ball
3-2: Foul Ball, location: 2F
3-2: Foul Ball, location: 2F
3-2: Base on Balls
Killian Jones scores
Keiji Nakajima to third
Aito Harada to second
Pitching: LHP Nate George
Batting: RHB Nelson Ozuna 0-0: Ball
1-0: Called Strike
1-1: Fly out, F8 (Flyball, 78D, EV 90.0 MPH)
Runner from 3rd tags up, SCORES, throw by CF
Batting: LHB Jesse Henly 0-0: Ball
1-0: Called Strike
1-1: Fly out, F8 (Flyball, 8RS, EV 89.4 MPH)
Batting: RHB Matt Keef 0-0: Ball
Wild Pitch!
Aito Harada to third
Pedro Criollo to second
1-0: Ball
2-0: Ground out 5-3 (Groundball, 56, EV 95.0 MPH)
Bottom of the 6th over - 4 runs, 2 hits, 0 errors, 2 left on base; Tennessee 3 - Altoona 7
TOP OF THE 7TH
Tennessee Smokies batting - Pitching for Altoona Curve : LHP Don Quiponch
Batting: RHB Chris Rosinsky 0-0: Called Strike
0-1: Ball
1-1: Ball
2-1: SINGLE (Groundball, 6MD, EV 111.2 MPH)
Batting: RHB Vij Ramamani 0-0: Foul Ball, location: 2F
0-1: Ball
1-1: Swinging Strike
1-2: Foul Ball, location: 2F
1-2: Strikes out looking
Batting: RHB Adam Kelliher 0-0: Ball
1-0: Ball
2-0: Foul Ball, location: 2F
2-1: SINGLE (Flyball, 9LS, EV 92.5 MPH)
Chris Rosinsky to second
Runner from 2nd tries for 3rd, SAFE, throw by RF made to third
Batting: RHB John Iddings 0-0: SINGLE (Groundball, 56D, EV 110.0 MPH)
Chris Rosinsky scores
Adam Kelliher to second
Batting: LHB Brian Newton 0-0: Ball
1-0: Reached on error, E5 (Groundball, 5S, EV 89.4 MPH)
Adam Kelliher to third
John Iddings to second
Batting: RHB Heitaro Tanaka 0-0: Ball
1-0: Ball
2-0: Swinging Strike
2-1: Foul Ball, location: 2F
2-2: Fly out, F9 (Flyball, 89M, EV 96.9 MPH)
Runner from 3rd tags up, SCORES, throw by RF
John Iddings to third
Batting: RHB Bobby Gray 0-0: Foul Ball, location: 2F
0-1: Called Strike
0-2: Ball
1-2: Ball
2-2: Foul Ball, location: 2F
2-2: Strikes out looking
Top of the 7th over - 2 runs, 3 hits, 1 error, 2 left on base; Tennessee 5 - Altoona 7
BOTTOM OF THE 7TH
Altoona Curve batting - Pitching for Tennessee Smokies : LHP Nate George
Batting: SHB Trevor Weareorwear 0-0: Ball
1-0: Foul Ball, location: 2F
1-1: Ground out 4-3 (Groundball, 4M, EV 80.6 MPH)
Batting: SHB Jerry Massey 0-0: Foul Ball, location: 2F
0-1: Swinging Strike
0-2: Ball
1-2: SINGLE (Groundball, 6MD, EV 95.0 MPH)
Batting: RHB Killian Jones 0-0: DOUBLE (Flyball, 8RXD, EV 91.2 MPH)
Jerry Massey to third
Batting: RHB Keiji Nakajima 0-0: Called Strike
0-1: Swinging Strike
0-2: DOUBLE (Line Drive, 9LD, EV 103.1 MPH)
Jerry Massey scores
Killian Jones scores
Batting: LHB Aito Harada 0-0: Foul Ball, location: 2F
0-1: Ball
1-1: Called Strike
1-2: Ball
2-2: Foul Ball, location: 2F
2-2: SINGLE (Line Drive, 6MD, EV 96.9 MPH)
Keiji Nakajima to third
Runner from 3rd tries for Home, SAFE, throw by CF to home
Batting: RHB Pedro Criollo 0-0: Ball
1-0: Called Strike
1-1: Foul Ball, location: 2F
1-2: Foul Ball, location: 2F
1-2: Foul Ball, location: 2F
1-2: Strikes out swinging
Batting: RHB Nelson Ozuna 0-0: DOUBLE (Flyball, 8LD, EV 110.6 MPH)
Aito Harada to third
Batting: LHB Jesse Henly 0-0: Called Strike
0-1: SINGLE (Groundball, 4MD, EV 101.9 MPH) (infield hit)
Aito Harada scores
Nelson Ozuna to third
Batting: RHB Matt Keef 0-0: Called Strike
0-1: Swinging Strike
0-2: SINGLE (Flyball, 4MD, EV 87.5 MPH)
Nelson Ozuna scores
Jesse Henly to second
Throwing error, E8
Jesse Henly scores
Matt Keef to second
Batting: SHB Trevor Weareorwear 0-0: Ball
1-0: Called Strike
1-1: Foul Ball, location: 2F
1-2: Ball
2-2: Ball
3-2: Base on Balls
Batting: SHB Jerry Massey 0-0: Ball
1-0: Foul Ball, location: 2F
1-1: Ball
2-1: Ball
3-1: Base on Balls
Matt Keef to third
Trevor Weareorwear to second
Batting: RHB Killian Jones 0-0: Ball
1-0: Ball
2-0: Swinging Strike
2-1: Ball
3-1: Base on Balls
Matt Keef scores
Trevor Weareorwear to third
Jerry Massey to second
Batting: RHB Keiji Nakajima 0-0: Ball
1-0: Ground out 4-3 (Groundball, 4, EV 90.6 MPH)
Bottom of the 7th over - 7 runs, 7 hits, 1 error, 3 left on base; Tennessee 5 - Altoona 14
TOP OF THE 8TH
Tennessee Smokies batting - Pitching for Altoona Curve : LHP Don Quiponch
Batting: RHB Nick Kleckner 0-0: Ball
1-0: Foul Ball, location: 2F
1-1: Foul Ball, location: 2F
1-2: Ball
2-2: Ball
3-2: Hit by Pitch
Batting: RHB Brian Warren 0-0: Ball
1-0: Fly out, F8 (Flyball, 8RM, EV 81.9 MPH)
Batting: RHB Chris Rosinsky 0-0: Called Strike
0-1: Ball
1-1: Swinging Strike
1-2: Foul Ball, location: 2F
1-2: Foul Ball, location: 2F
1-2: Strikes out looking
Batting: RHB Vij Ramamani 0-0: Ball
1-0: Ball
2-0: Reached on error, E6 (Groundball, 6, EV 81.2 MPH)
Nick Kleckner to second
Batting: RHB Adam Kelliher 0-0: Ball
1-0: Foul Ball, location: 2F
1-1: Ball
2-1: Ball
3-1: Base on Balls
Nick Kleckner to third
Vij Ramamani to second
Batting: RHB John Iddings 0-0: Fly out, F7 (Flyball, 7LS, EV 85.0 MPH)
Top of the 8th over - 0 runs, 0 hits, 1 error, 3 left on base; Tennessee 5 - Altoona 14
BOTTOM OF THE 8TH
Altoona Curve batting - Pitching for Tennessee Smokies : LHP Nate George
Batting: LHB Aito Harada 0-0: TRIPLE (Line Drive, 89XD, EV 106.9 MPH)
Batting: RHB Pedro Criollo 0-0: Ground out 6-3 (Groundball, 6MD, EV 88.1 MPH)
Aito Harada scores
Pitching: RHP Brent Dutcher
Batting: RHB Nelson Ozuna 0-0: Fly out, F6 (Flyball, 6D, EV 85.6 MPH)
Batting: LHB Jesse Henly 0-0: Ball
1-0: Called Strike
1-1: Ground out 1-3 (Groundball, 13S, EV 70.0 MPH)
Bottom of the 8th over - 1 run, 1 hit, 0 errors, 0 left on base; Tennessee 5 - Altoona 15
TOP OF THE 9TH
Tennessee Smokies batting - Pitching for Altoona Curve : LHP Don Quiponch
Pitching: LHP David Murcia
Batting: LHB Brian Newton 0-0: Reached on error, E4 (Groundball, 4, EV 82.5 MPH)
Batting: RHB Heitaro Tanaka 0-0: Ball
1-0: Grounds into double play, 6-4-3 (Groundball, 56, EV 83.8 MPH)
Batting: RHB Bobby Gray 0-0: Ball
1-0: Called Strike
1-1: Ground out 1-3 (Groundball, P, EV 61.9 MPH)
Top of the 9th over - 0 runs, 0 hits, 1 error, 0 left on base; Tennessee 5 - Altoona 15
Thursday, March 31st , 2022 - OOTP Baseball 22.12 Build 89